 Dungeon Crawl Stone Soup version 0.27-a0-1324-ge0d8e047f6 (webtiles) character file.

Game seed: 17971578480786716540

335 Alarak the Shield-Bearer (level 6, -3/53 HPs)
             Began as a Gnoll Fighter on June 23, 2021.
             Was a Follower of Qazlal.
             Killed by divine providence
             ... invoked by an orc priest
              (9 damage)
             ... on level 4 of the Dungeon.
             The game lasted 00:03:49 (3262 turns).

Alarak the Shield-Bearer (Gnoll Fighter)            Turns: 3262, Time: 00:03:50

Health: -3/53      AC: 13    Str: 18    XL:     6   Next: 53%
Magic:  9/9        EV:  4    Int:  7    God:    Qazlal [*.....]
Gold:   237        SH: 17    Dex: 11    Spells: 9/9 levels left

rFire    . . .     SeeInvis .   k - +6 dagger
rCold    . . .     Faith    .   c - +0 kite shield
rNeg     . . .     Spirit   .   o - +0 plate armour
rPois    .         Reflect  +   (no helmet)
rElec    .         Harm     .   (no cloak)
rCorr    .         Rampage  .   (no gloves)
Will     .....                  (no boots)
Stlth    ..........             l - amulet of reflection
HPRegen  0.17/turn              (no ring)
MPRegen  0.11/turn              (no ring)

@: studying Conjurations
A: fangs 1, strong nose, distributed training
a: Renounce Religion


You were on level 4 of the Dungeon.
You worshipped Qazlal.
Qazlal was aware of your devotion.
You visited 1 branch of the dungeon, and saw 5 of its levels.

You collected 237 gold pieces.

Inventory:

Hand Weapons
 a - a +0 long sword
 k - a +6 dagger (weapon)
Missiles
 m - 7 curare-tipped darts (quivered)
Armour
 c - a +0 kite shield (worn)
 o - a +0 plate armour (worn)
Jewellery
 b - a +4 ring of evasion
 l - an amulet of reflection (around neck)
Scrolls
 e - 2 scrolls of identify
 g - a scroll of blinking {unknown}
Potions
 d - a potion of might
 f - a potion of lignification
 h - 3 potions of haste {unknown}
 i - 2 potions of degeneration {unknown}


   Skills:
 + Level 6.8 Fighting
 + Level 2.0 Short Blades
 + Level 5.0 Long Blades
 + Level 2.0 Axes
 + Level 2.0 Maces & Flails
 + Level 2.0 Polearms
 + Level 2.0 Staves
 + Level 2.0 Slings
 + Level 2.0 Bows
 + Level 2.0 Crossbows
 + Level 2.0 Throwing
 + Level 6.8 Armour
 + Level 2.0 Dodging
 + Level 2.0 Stealth
 + Level 6.8 Shields
 + Level 2.0 Unarmed Combat
 + Level 2.0 Spellcasting
 + Level 1.7 Conjurations
 + Level 1.6 Hexes
 + Level 1.6 Summonings
 + Level 1.6 Necromancy
 + Level 1.6 Translocations
 + Level 1.6 Transmutations
 + Level 1.6 Fire Magic
 + Level 1.6 Ice Magic
 + Level 1.6 Air Magic
 + Level 1.6 Earth Magic
 + Level 1.6 Poison Magic
 + Level 2.2 Invocations
 + Level 2.0 Evocations


You had 9 spell levels left.
You didn't know any spells.
Your spell library was empty.

Dungeon Overview and Level Annotations

Branches:
Dungeon (5/15)
 Temple: D:4-7

Altars:
Gozag
Hepliaklqana
Qazlal
Trog
Uskayaw

Annotations:
D:5 Menkaure


Innate Abilities, Weirdness & Mutations

You have very sharp teeth.
Your uncanny sense of smell can sniff out nearby items.
Your experience applies equally to all skills.


Message History

Your Staves skill increases to level 2!
Your Slings skill increases to level 2!
Your Bows skill increases to level 2!
Your Crossbows skill increases to level 2!
Your Throwing skill increases to level 2!
Your Dodging skill increases to level 2!
Your Stealth skill increases to level 2!
Your Unarmed Combat skill increases to level 2!
Your Spellcasting skill increases to level 2!
Your Evocations skill increases to level 2!
The orc priest mumbles some strange prayers to Beogh against you.
Beogh smites you!
* * * LOW HITPOINT WARNING * * *
There is an open door here.
There is a stone staircase leading down here.
You climb downwards.
Menkaure, Prince of Dust comes into view.
Found 15 arrows, a murky brown potion and 9 poisoned darts.
There is a stone staircase leading up here.
You climb upwards.
You block the orc's attack. x2
There is a stone staircase leading down here.
You puncture the orc!
You kill the orc!
Qazlal accepts your kill.
Your shield and plate armour prevent you from hitting the orc priest.
The orc priest hits you with a +0 vorpal hand axe.
* * * LOW HITPOINT WARNING * * *
x2 You puncture the orc priest!
The orc priest is heavily wounded.
You block the orc priest's attack.
You closely miss the orc priest.
The orc priest is heavily wounded.
The orc priest hits you but does no damage.
You hit the orc priest.
The orc priest is severely wounded.
You block the orc priest's attack.
You barely miss the orc priest.
The orc priest is severely wounded.
The orc priest invokes the aid of Beogh against you.
Beogh smites you!
You die...

..#,,,,.##+#### #....#..###
..######......# ##'######*,
.......#......# #...#...#,,
.......#......# #...#...#,,
.......#......##########..##..#**
..##..##......#..#.......###..###
..##..######'##..'....#.........#
..#...#........)o#....#.........#
..#...#.........@#o...+)........#
..##..'......#####))..#..###...##
..##..#......#....o#'##..###...##
......#......+.....#.....#.......
..##..##'##..#.....#.....#.......
..##..##.##..#.....#.....#.......
####.....#...#.....###########..#
*......+...#......,,,∆,,,,,#..#
*########..#......,,,,,,,,,#...


You could see an orc priest.

Vanquished Creatures
  An ogre (D:4)
  2 centaurs (D:4)
  An iguana (D:3)
  3 adders
  A worm (D:2)
  A dart slug (D:1)
  4 orcs
  4 bats
  3 endoplasms
  3 giant cockroaches
  4 goblins
  A hobgoblin (D:3)
  6 kobolds
  3 quokkas
  2 ball pythons
  3 frilled lizards
  5 rats (D:1)
47 creatures vanquished.

Notes
Turn   | Place    | Note
-------+----------+-------------------------------------------
     0 | D:1      | Alarak the Gnoll Fighter began the quest for the Orb.
     0 | D:1      | Reached XP level 1. HP: 23/23 MP: 1/1
    96 | D:1      | Reached XP level 2. HP: 26/29 MP: 2/2
   658 | D:1      | Found a faded altar of an unknown god.
   984 | D:1      | Became a worshipper of Qazlal Stormbringer
   984 | D:1      | Reached * piety under Qazlal
  1051 | D:2      | Reached XP level 3. HP: 27/35 MP: 3/3
  1328 | D:2      | Reached skill level 1 in Invocations
  2075 | D:3      | Found an opulent altar of Gozag.
  2081 | D:3      | Reached skill level 1 in Short Blades
  2081 | D:3      | Reached skill level 1 in Axes
  2081 | D:3      | Reached skill level 1 in Maces & Flails
  2081 | D:3      | Reached skill level 1 in Polearms
  2081 | D:3      | Reached skill level 1 in Staves
  2081 | D:3      | Reached skill level 1 in Slings
  2081 | D:3      | Reached skill level 1 in Bows
  2081 | D:3      | Reached skill level 1 in Crossbows
  2081 | D:3      | Reached skill level 1 in Throwing
  2081 | D:3      | Reached skill level 1 in Dodging
  2081 | D:3      | Reached skill level 1 in Stealth
  2081 | D:3      | Reached skill level 1 in Unarmed Combat
  2081 | D:3      | Reached skill level 1 in Spellcasting
  2081 | D:3      | Reached skill level 1 in Evocations
  2096 | D:3      | Reached XP level 4. HP: 23/41 MP: 5/5
  2308 | D:3      | Found a bloodstained altar of Trog.
  2436 | D:3      | Reached skill level 1 in Conjurations
  2436 | D:3      | Reached skill level 1 in Hexes
  2436 | D:3      | Reached skill level 1 in Summonings
  2436 | D:3      | Reached skill level 1 in Necromancy
  2436 | D:3      | Reached skill level 1 in Translocations
  2436 | D:3      | Reached skill level 1 in Transmutations
  2436 | D:3      | Reached skill level 1 in Fire Magic
  2436 | D:3      | Reached skill level 1 in Ice Magic
  2436 | D:3      | Reached skill level 1 in Air Magic
  2436 | D:3      | Reached skill level 1 in Earth Magic
  2436 | D:3      | Reached skill level 1 in Poison Magic
  2683 | D:3      | Found a hide-covered altar of Uskayaw.
  2828 | D:4      | Noticed a centaur
  2829 | D:4      | Noticed a centaur
  2834 | D:4      | Killed a centaur
  2835 | D:4      | Reached XP level 5. HP: 33/47 MP: 5/7
  2840 | D:4      | Killed a centaur
  2841 | D:4      | Reached XP level 6. HP: 30/53 MP: 5/8
  3133 | D:4      | Found a hazy altar of Hepliaklqana.
  3249 | D:4      | Reached skill level 5 in Long Blades
  3254 | D:5      | Entered Level 5 of the Dungeon
  3254 | D:5      | Noticed Menkaure
  3262 | D:4      | Killed from afar by an orc priest

Illustrated notes

Levels and vault maps discovered:
D:1:      onia_arrival_mini_spirals, layout_basic,
          hellmonk_ecumenical_altar_arch_garden, minmay_box_of_dots
D:2:      layout_basic, supply_closet_lemuel
D:3:      layout_rooms, lemuel_round_altar, nicolae_uskayaw_suspiria,
          nicolae_gozag_seed_capital, serial_park_tiny_2, minivault_25
D:4:      layout_gridville, nicolae_ru_sacrificial_ziggurat,
          nicolae_hepliaklqana_hazy_memory, minmay_manual_mares
D:5:      layout_cave_pods, amcnicky_altar_gilded, uniq_menkaure

Skill      XL: |  1  2  3  4  5  6 |
---------------+-------------------+-----
Invocations    | 1 2 |  2.2
Short Blades   | 1 2 |  2.0
Axes           | 1 2 |  2.0
Maces & Flails | 1 2 |  2.0
Polearms       | 1 2 |  2.0
Staves         | 1 2 |  2.0
Slings         | 1 2 |  2.0
Bows           | 1 2 |  2.0
Crossbows      | 1 2 |  2.0
Throwing       | 1 2 |  2.0
Dodging        | 1 2 |  2.0
Stealth        | 1 2 |  2.0
Unarmed Combat | 1 2 |  2.0
Spellcasting   | 1 2 |  2.0
Evocations     | 1 2 |  2.0
Conjurations   | 1 |  1.7
Hexes          | 1 |  1.6
Summonings     | 1 |  1.6
Necromancy     | 1 |  1.6
Translocations | 1 |  1.6
Transmutations | 1 |  1.6
Fire Magic     | 1 |  1.6
Ice Magic      | 1 |  1.6
Air Magic      | 1 |  1.6
Earth Magic    | 1 |  1.6
Poison Magic   | 1 |  1.6
Long Blades    | 5 |  5.0
Fighting       | |  6.8
Armour         | |  6.8
Shields        | |  6.8

Action                   |  1- 3 |  4- 6 || total
-------------------------+-------+-------++-------
Melee: Long sword        |    76 |       ||    76
       Bite              |     7 |     4 ||    11
       Dagger            |    12 |    55 ||    67
  Use: Scroll            |       |     4 ||     4
Armor: Scale mail        |    43 |     5 ||    48
       Plate armour      |       |     4 ||     4
Dodge: Dodged            |    24 |    12 ||    36
Block: Kite shield       |    54 |    37 ||    91
       Reflection        |       |     3 ||     3
       Rpst.: Long sword |     5 |       ||     5

Table legend: (Time is in decaauts)
 A = Elapsed time spent in this place.
 B = Non-inter-level travel time spent in this place.
 C = Inter-level travel time spent in this place.
 D = Time resting spent in this place.
 E = Time spent auto-exploring this place.
 F = Levels seen in this place.
 G = Mean time per level.
                   A        B        C        D        E       F      G
               +--------+--------+--------+--------+--------+-----+--------+
         Total |   3294 |   3074 |    220 |    192 |   2513 |   5 |  658.8 |
       Dungeon |   3294 |   3074 |    220 |    192 |   2513 |   5 |  658.8 |
               +--------+--------+--------+--------+--------+-----+--------+

Top non-repeatable levels by time:
     D:2: 1061 daAuts
     D:1: 1040 daAuts
     D:3: 740 daAuts
     D:4: 451 daAuts
     D:5: 1 daAuts
